 Dungeon Crawl Stone Soup version 0.21.1-1-g345015f (webtiles) character file.

894 EuclidGuy the Covered (level 8, 0/70 HPs)
             Began as a Hill Orc Fighter on July 8, 2018.
             Was an Initiate of Makhleb.
             Slain by a bullfrog (4 damage)
             ... on level 6 of the Dungeon on July 9, 2018.
             The game lasted 00:39:29 (6992 turns).

EuclidGuy the Covered (Hill Orc Fighter)            Turns: 6992, Time: 00:39:30

Health: 0/70       AC: -2    Str: 19    XL:     8   Next: 6%
Magic:  8/8        EV:  7    Int:  8    God:    Makhleb [......]
Gold:   347        SH: 14    Dex: 10    Spells: 7/7 levels left

rFire    . . .     SeeInvis .   a - +0 long sword
rCold    . . .     Gourm    .   x - +0 large shield
rNeg     . . .     Faith    .   E - -2 robe (curse)
rPois    .         Spirit   .   B - +0 helmet
rElec    .         Reflect  .   (no cloak)
rCorr    .         Harm     .   (no gloves)
MR       .....                  (no boots)
Stlth    +.........             (no amulet)
HPRegen  0.21/turn              z - ring of fire
MPRegen  0.11/turn              m - ring of ice

@: corroded
A: talons 1, weak 1, wild magic 1
a: Renounce Religion


You were on level 6 of the Dungeon.
You worshipped Makhleb.
Makhleb was noncommittal.
You were near starving.

You visited 2 branches of the dungeon, and saw 7 of its levels.

You collected 347 gold pieces.

Inventory:

Hand Weapons
 a - a +0 long sword (weapon)
 d - a +0 spear
 l - a +1 mace of protection
 s - a +0 falchion
 u - a +0 dagger of venom
 y - a +0 halberd
 C - a +0 trident
 D - a +0 dagger
Missiles
 i - 5 large rocks
 n - 125 stones
 q - 2 tomahawks of returning
 r - 68 arrows
 v - 3 tomahawks (quivered)
Armour
 b - a +0 scale mail
 c - a +0 shield
 p - a +0 scale mail
 t - a +0 helmet
 x - a +0 large shield (worn)
 A - a +0 helmet
 B - a +0 helmet (worn)
 E - a cursed -2 robe (worn)
 F - a +0 ring mail
Jewellery
 m - a ring of ice (right hand)
 z - a ring of fire (left hand)
Wands
 e - a wand of paralysis (5)
 h - a wand of polymorph (3)
 w - a wand of random effects (43)
Scrolls
 o - a scroll of fog
 H - a scroll of identify
 J - a scroll of immolation {unknown}
Potions
 j - a potion of magic
Books
 k - a book of Minor Magic

   Spells                             Type                      Level
   a - Magic Dart                     Conjuration                  1
   b - Blink                          Translocation                2
   c - Call Imp                       Summoning                    2
   d - Slow                           Hexes                        2
   e - Conjure Flame                  Conjuration/Fire             3
   f - Mephitic Cloud                 Conjuration/Poison/Air       3
Comestibles
 f - 9 rations


   Skills:
 + Level 6.0 Fighting
 + Level 4.8 Long Blades
 * Level 6.8 Armour
 + Level 5.5 Shields


You had 7 spell levels left.
You didn't know any spells.

Dungeon Overview and Level Annotations

Branches:
Dungeon (6/15)             Temple (1/1) D:5

Altars:
Ashenzari
Cheibriados
Dithmenos
Elyvilon
Fedhas
Gozag
Hepliaklqana
Kikubaaqudgha
Makhleb
Nemelex Xobeh
Okawaru
Qazlal
Ru
Sif Muna
Trog
Uskayaw
Vehumet
Wu Jian
Xom
Yredelemnul
Zin
The Shining One

Shops:
D:4 :

Annotations:
D:4 Mavenl's ghost, amateur GnFi
D:5 Eustachio


Innate Abilities, Weirdness & Mutations

You have sharp toenails.
You are weak. (Str -2)
Your spells are a little harder to cast, but a little more powerful.


Message History

You have reached level 8!
The bullfrog barely misses you. You block the jelly's attack.
You block the bullfrog's attack.
You hit the jelly. The acid corrodes you!
Your hands burn!
* * * LOW HITPOINT WARNING * * *
Your kick misses the jelly.
The jelly is moderately wounded.
The bullfrog hits you.
* * * LOW HITPOINT WARNING * * *
The jelly hits you.
* * * LOW HITPOINT WARNING * * *
You are splashed with acid!
The acid burns!
* * * LOW HITPOINT WARNING * * *
You block the bullfrog's attack.
Okay, then.
You block the jelly's attack.
There is a stone staircase leading up here.
You block the bullfrog's attack. The jelly closely misses you.
The bullfrog hits you.
You die...

##.......
#.......
#......>
#......
####..>..
........#
........##
.......@.#
......JF.#
.......†.#
...........
.........###
#####.....
#......
#....#.
######..


You could see a bullfrog and a jelly.

Vanquished Creatures
  The ghost of KappaVara the Chopper, an amateur DsGl (D:3)
  Duvessa (D:5)
  A necrophage (D:5)
  A bullfrog (D:6)
  Dowan (D:5)
  A jelly (D:5)
  An orc priest (D:4)
  A bullfrog skeleton (D:5)
  3 orc wizards
  Jessica (D:3)
  An iguana (D:5)
  2 worker ants
  Robin (D:2)
  5 gnolls
  An adder (D:5)
  2 oozes
  2 worms
  4 dart slugs
  2 leopard geckos (D:1)
  10 orcs
  A ball python (D:1)
  8 bats
  3 giant cockroaches
  15 goblins
  5 hobgoblins
  9 jackals
  5 kobolds
  2 quokkas (D:5)
  6 frilled lizards
  A leopard gecko skeleton (D:5)
  5 rats
102 creatures vanquished.

Notes
Turn   | Place    | Note
-------+----------+-------------------------------------------
     0 | D:1      | EuclidGuy the Hill Orc Fighter began the quest for the Orb.
     0 | D:1      | Reached XP level 1. HP: 19/19 MP: 1/1
    74 | D:1      | Reached XP level 2. HP: 20/27 MP: 2/2
   408 | D:1      | Reached XP level 3. HP: 24/33 MP: 3/3
   986 | D:2      | Reached XP level 4. HP: 36/40 MP: 4/4
  1054 | D:2      | Noticed Robin
  1074 | D:2      | Killed Robin
  1687 | D:1      | Reached XP level 5. HP: 8/47 MP: 5/5
  2829 | D:3      | Noticed KappaVara's ghost (amateur DsGl)
  2850 | D:3      | Killed KappaVara's ghost
  2850 | D:3      | Reached skill level 5 in Armour
  2850 | D:3      | Reached XP level 6. HP: 21/55 MP: 6/6
  2884 | D:3      | Reached skill level 5 in Fighting
  3655 | D:3      | Noticed Jessica
  3662 | D:3      | Killed Jessica
  4560 | D:4      | Reached XP level 7. HP: 9/61 MP: 7/7
  4976 | D:4      | Found Iquit's Book Boutique.
  5053 | D:4      | Noticed Mavenl's ghost (amateur GnFi)
  5099 | D:4      | HP: 3/61 [Mavenl's ghost (11)]
  5167 | D:5      | Entered Level 5 of the Dungeon
  5490 | D:5      | Noticed Duvessa
  5491 | D:5      | Noticed Dowan
  5507 | D:5      | Killed Duvessa
  5507 | D:5      | Reached skill level 5 in Shields
  5513 | D:5      | Gained mutation: You have sharp toenails. [potion of mutation]
  5513 | D:5      | Gained mutation: You are weak. (Str -2) [potion of mutation]
  5513 | D:5      | Gained mutation: Your spells are a little harder to cast, but a little more powerful. [potion of mutation]
  5540 | D:5      | Killed Dowan
  5613 | D:5      | Found a staircase to the Ecumenical Temple.
  5622 | Temple   | Entered the Ecumenical Temple
  5822 | Temple   | Became a worshipper of Makhleb the Destroyer
  6176 | D:5      | Found an ancient bone altar of Kikubaaqudgha.
  6329 | D:5      | Noticed Eustachio
  6989 | D:6      | Reached XP level 8. HP: 24/70 MP: 8/8
  6990 | D:6      | HP: 3/70 [acid (10)]
  6992 | D:6      | Slain by a bullfrog

Skill      XL: |  1  2  3  4  5  6  7 |
---------------+----------------------+-----
Fighting       | 4 5 6 |  6.0
Armour         | 4 5 6 |  6.8
Long Blades    | 3 4 |  4.8
Shields        | 4 5 |  5.5

Action                   |  1- 3 |  4- 6 |  7- 9 || total
-------------------------+-------+-------+-------++-------
Melee: Long sword        |    83 |   211 |   131 ||   425
       Spear             |     2 |       |       ||     2
       Kick              |       |       |    16 ||    16
Throw: Stone             |       |     7 |     1 ||     8
       Tomahawk          |       |     3 |     3 ||     6
Evoke: Wand              |       |       |     5 ||     5
  Use: Potion            |     1 |     6 |     7 ||    14
       Scroll            |       |     6 |     1 ||     7
 Stab: Paralysed         |       |       |     3 ||     3
  Eat: Ration            |       |     2 |     1 ||     3
       Chunk             |       |     5 |     3 ||     8
Armor: Scale mail        |    59 |   113 |    11 ||   183
       Skin              |       |       |    10 ||    10
       Robe              |       |       |     4 ||     4
Dodge: Dodged            |    58 |    58 |    26 ||   142
Block: Shield            |    76 |    63 |       ||   139
       Large shield      |       |   136 |   117 ||   253
       Rpst.: Long sword |    18 |    21 |     7 ||    46
